 Dungeon Crawl Stone Soup version 0.31-a0-765-g67fe2935dc (webtiles) character file.

Game seed: 15001104396503213884

1342 thriggle the Covered (level 8, -2/52 (58) HPs)
             Began as a Gnoll Wanderer on Sept 15, 2023.
             Was a Priest of Dithmenos.
             Slain by a wight
             ... wielding a +3 halberd
              (6 damage)
             ... on level 5 of the Dungeon.
             The game lasted 00:23:08 (5136 turns).

thriggle the Covered (Gnoll Wanderer)               Turns: 5136, Time: 00:23:10

HP:   -2/52 (58)    AC:  8    Str:  7    XL:     8   Next: 62%
MP:   2/14          EV: 13    Int: 14    God:    Dithmenos [***...]
Gold: 263           SH:  0    Dex: 15    Spells: 7/16 levels left

rFire   + + .        E - +2 flail (venom)
rCold   + . .        (no shield)
rNeg    . . .        r - +1 leather armour of the Spheres {rPois rF+ Str-5 Int+4}
rPois   +            (no helmet)
rElec   .            C - scarf {rC+ rF+}
rCorr   .            u - +2 pair of gloves
SInv    .            (no boots)
Will    +....        (no amulet)
Stlth   +++          k - ring of willpower
HPRegen 0.28/turn    (no ring)
MPRegen 0.14/turn

%: no passive effects
@: very slightly contaminated, wreathed by umbra, heavily drained
A: fangs 1, strong nose, distributed training
a: Renounce Religion, Shadow Step


You were on level 5 of the Dungeon.
You worshipped Dithmenos.
Dithmenos was most pleased with you.
You visited 1 branch of the dungeon, and saw 6 of its levels.
You also visited: Sewer.

You collected 263 gold pieces.

Inventory:

Hand Weapons
 a - a +2 spear
 c - a +2 short sword of electrocution
 d - a +3 whip
 f - a +2 dagger of flaming
 l - a +1 dagger of venom
 m - a +2 short sword of venom
 w - a +0 trident
 D - a +0 rapier
 E - a +2 flail of venom (weapon)
Missiles
 g - 113 stones
 q - 8 poisoned darts
 y - a curare-tipped dart
Armour
 b - a +0 ring mail
 j - a +1 scale mail
 r - the +1 leather armour of the Spheres (worn) {rPois rF+ Str-5 Int+4}
   (You found it on level 3 of the Dungeon)

   Str-5:     It affects your strength (-5).
   Int+4:     It affects your intelligence (+4).
   rF+:       It protects you from fire.
   rPois:     It protects you from poison
 u - a +2 pair of gloves (worn)
 C - a scarf of resistance (worn)
Jewellery
 k - a ring of willpower (left hand)
Scrolls
 o - 4 scrolls of fog
 t - a scroll of silence
 B - a scroll of enchant weapon {unknown}
Potions
 h - a potion of magic {unknown}
 i - a potion of curing
 n - 2 potions of attraction
 p - 2 potions of brilliance {unknown}
 s - 2 potions of haste {unknown}
 v - a potion of enlightenment
 x - a potion of experience {unknown}
 z - a potion of cancellation {unknown}
 A - a potion of invisibility {unknown}


   Skills:
 + Level 3.5 Fighting
 + Level 3.5 Short Blades
 + Level 3.5 Long Blades
 + Level 3.5 Axes
 + Level 3.5 Maces & Flails
 + Level 5.8 Polearms
 + Level 3.5 Staves
 + Level 3.5 Ranged Weapons
 + Level 4.4 Throwing
 + Level 7.5 Armour
 + Level 4.4 Dodging
 + Level 4.2 Stealth
 + Level 3.5 Shields
 + Level 3.5 Unarmed Combat
 + Level 4.5 Spellcasting
 + Level 3.6 Conjurations
 + Level 2.8 Hexes
 + Level 2.8 Summonings
 + Level 2.8 Necromancy
 + Level 2.8 Translocations
 + Level 2.8 Transmutations
 + Level 2.8 Fire Magic
 + Level 2.8 Ice Magic
 + Level 2.8 Air Magic
 + Level 2.8 Earth Magic
 + Level 2.8 Poison Magic
 + Level 3.8 Invocations
 + Level 3.5 Evocations
 + Level 3.1 Shapeshifting


You had 7 spell levels left.
You knew the following spells:

 Your Spells              Type           Power      Damage    Failure   Level
a - Tukima's Dance        Hex            11%        N/A       24%         3
b - Mephitic Cloud        Conj/Pois/Air  11%        N/A       22%         3
c - Frozen Ramparts       Ice            22%        1d4       24%         3

Your spell library contained the following spells:

 Spells                   Type           Power      Damage    Failure   Level
 Kiss of Death            Conj/Necr      48%        2d9       7%          1
 Passage of Golubria      Tloc           11%        N/A       61%         4
 Petrify                  Tmut/Erth      11%        N/A       61%         4
 Metabolic Englaciation   Hex/Ice        5%         N/A       91%         5
 Yara's Violent Unravell  Hex/Tmut       5%         3d4       91%         5


Dungeon Overview and Level Annotations

Branches:
Dungeon (6/15)              Sewer (visited)
 Temple: D:4-7

Altars:
Dithmenos
Fedhas


Innate Abilities, Weirdness & Mutations

You have very sharp teeth.
Your uncanny sense of smell can sniff out nearby items.
Your experience applies equally to all skills.


Message History

Your +0 dagger of speed hits the wight but does no damage.
The wight hits you from afar with a +3 halberd!
The wight hits your +0 dagger of speed.
Your +0 dagger of speed falls from the air.
You barely miss the wight.
The wight is moderately damaged.
The wight closely misses you.
You hit the wight but do no damage.
The wight is moderately damaged.
The wight hits you from afar with a +3 halberd!
The wight closely misses you.
You hit the wight.
The wight is heavily damaged.
The wight barely misses you. The wight misses you. The wight hits you.
You feel drained.
You hit the wight.
The wight is severely damaged.
The wight hits you but does no damage. x2
Casting: Tukima's Dance (dangerous; 24% risk of failure)
Confirm with . or Enter, or press ? or * to list all spells.
Aiming: Tukima's Dance (dangerous; 24% risk of failure)
Press: ? - help, Shift-Dir - straight line, f/p - wight
Aim: a wight, wielding a +3 halberd and wearing a +0 robe (umbra, chance to affect: 45%)
You miscast Tukima's Dance.
You are very lightly contaminated with residual magic.
Nothing appears to happen.
The wight misses you. The wight closely misses you.
You closely miss the wight.
The wight is severely damaged.
The wight hits you but does no damage.
The wight hits you from afar with a +3 halberd.
You hit the wight.
You destroy the wight!
Dithmenos accepts your kill. The wight barely misses you. The wight misses you.
You barely miss the wight. The wight hits you with a +3 halberd.
You feel drained. The wight hits you with a +3 halberd!
* * * LOW HITPOINT WARNING * * *
You feel drained.
You die...

#.....###..[#..#..'..#..
#####.....##.......#.)#..#..
....#..... #.......#####.###
....... #.......#.).'..#.
.... #.......#...#..#. ∆
#'#########...#'#'##.##
#....# #....P#))#...
#....#### #.....#..#...
#...)z@.# #...######'##
###..##[###...#..)#..#.
##.##[##....#...'..#.
####>).....#####..## ∆
#####.#.....####. ∆
#............ ##...........
############


You could see a wight.

Vanquished Creatures
  Grinder (D:3)
  A shadow (D:5)
  An ice beast (D:5)
  A black bear (D:5)
  2 kobold brigands (Sewer)
  4 wights (D:5)
  A quasit (Sewer)
  4 hounds
  2 iguanas
  An orc wizard (D:4)
  3 gnolls
  2 adders
  4 shadow imps (Sewer)
  An ufetubus (Sewer)
  4 worms
  A dart slug (D:2)
  17 orcs
  8 endoplasms
  4 giant cockroaches
  17 hobgoblins
  3 quokkas (D:1)
  5 ball pythons
  6 bats
  4 frilled lizards
  16 goblins
  25 kobolds
  A kobold zombie (Sewer)
  8 rats
147 creatures vanquished.

Vanquished Creatures (others)
  2 dancing weapons (D:5)
2 creatures vanquished.

Grand Total: 149 creatures vanquished

Notes
Turn   | Place    | Note
-------+----------+-------------------------------------------
     0 | D:1      | thriggle the Gnoll Wanderer began the quest for the Orb.
     0 | D:1      | thriggle set off with the following items: a +2 spear, a +0
                  | ring mail, a potion of might; and the following spell
                  | memorised: Kiss of Death; and the following spells
                  | available to memorise: Mephitic Cloud.
     0 | D:1      | Reached XP level 1. HP: 13/13 MP: 4/4
    70 | D:1      | Reached XP level 2. HP: 19/19 MP: 5/5
   159 | D:1      | Reached XP level 3. HP: 25/25 MP: 7/7
   448 | D:1      | Reached skill level 1 in Invocations
   611 | D:1      | Reached skill level 1 in Fighting
   611 | D:1      | Reached skill level 1 in Short Blades
   611 | D:1      | Reached skill level 1 in Long Blades
   611 | D:1      | Reached skill level 1 in Axes
   611 | D:1      | Reached skill level 1 in Maces & Flails
   611 | D:1      | Reached skill level 1 in Staves
   611 | D:1      | Reached skill level 1 in Ranged Weapons
   611 | D:1      | Reached skill level 1 in Shields
   611 | D:1      | Reached skill level 1 in Unarmed Combat
   611 | D:1      | Reached skill level 1 in Evocations
   779 | D:2      | Reached XP level 4. HP: 19/32 MP: 8/8
   813 | D:2      | Reached skill level 1 in Shapeshifting
  1615 | D:2      | Found a faded altar of an unknown god.
  1627 | D:2      | Prayed at the altar of an unknown god.
  1627 | D:2      | Became a worshipper of Dithmenos the Shadowed
  1627 | D:2      | Reached * piety under Dithmenos
  1771 | D:3      | Reached skill level 1 in Hexes
  1771 | D:3      | Reached skill level 1 in Summonings
  1771 | D:3      | Reached skill level 1 in Necromancy
  1771 | D:3      | Reached skill level 1 in Translocations
  1771 | D:3      | Reached skill level 1 in Transmutations
  1771 | D:3      | Reached skill level 1 in Fire Magic
  1771 | D:3      | Reached skill level 1 in Ice Magic
  1771 | D:3      | Reached skill level 1 in Air Magic
  1771 | D:3      | Reached skill level 1 in Earth Magic
  1771 | D:3      | Reached skill level 1 in Poison Magic
  1789 | D:3      | Identified the +0 robe of the Sacrificial Victim {rElec rC+
                  | MP+9 Stlth+}
  1996 | D:3      | Identified the +1 leather armour of the Spheres {rPois rF+
                  | Str-5 Int+4}
  2116 | D:3      | Noticed Grinder
  2129 | D:3      | Killed Grinder
  2130 | D:3      | Reached skill level 5 in Polearms
  2130 | D:3      | Reached XP level 5. HP: 32/38 MP: 8/10
  2130 | D:3      | Reached XP level 6. HP: 38/44 MP: 8/11
  2319 | D:4      | Found a glowing drain.
  2339 | Sewer    | Entered a sewer
  2354 | Sewer    | Learned a level 3 spell: Mephitic Cloud
  2358 | Sewer    | Learned a level 3 spell: Frozen Ramparts
  2445 | Sewer    | Reached ** piety under Dithmenos
  2540 | Sewer    | Found a burning altar of Makhleb.
  2727 | Sewer    | Reached XP level 7. HP: 48/50 MP: 12/12
  2742 | Sewer    | Reached skill level 7 in Armour
  3425 | D:4      | Found a blossoming altar of Fedhas.
  3442 | D:4      | Learned a level 3 spell: Tukima's Dance
  3809 | D:5      | Entered Level 5 of the Dungeon
  3819 | D:5      | Noticed a shadow
  4234 | D:5      | Killed a shadow
  4235 | D:5      | Reached XP level 8. HP: 32/58 MP: 10/14
  4520 | D:5      | Reached *** piety under Dithmenos
  5136 | D:5      | Slain by a wight

Illustrated notes

Levels and vault maps discovered:
D:1:      wander_arrival_peaceful_grave, layout_basic, minmay_misc_feat_cross
D:2:      layout_loops_ring, shapermc_ecumenical_altar_hornbeckon
D:3:      layout_loops_ring, uniq_grinder
D:4:      nicolae_cairo_tiling_large, layout_loops_ring,
          mainiacjoe_overflow_24_doors, portal_sewer_entry_a
D:5:      corexii_shantytown, layout_basic, minmay_temple_entry_crystal_x,
          gammafunk_ghost_nasty_kobolds, roderic_batcave
D:6:      layout_loops_cross

Skill      XL: |  1  2  3  4  5  6  7  8 |
---------------+-------------------------+-----
Conjurations   | 2 3 |  3.6
Invocations    | 1 2 3 |  3.8
Fighting       | 1 2 3 |  3.5
Short Blades   | 1 2 3 |  3.5
Long Blades    | 1 2 3 |  3.5
Axes           | 1 2 3 |  3.5
Maces & Flails | 1 2 3 |  3.5
Staves         | 1 2 3 |  3.5
Ranged Weapons | 1 2 3 |  3.5
Shields        | 1 2 3 |  3.5
Unarmed Combat | 1 2 3 |  3.5
Evocations     | 1 2 3 |  3.5
Shapeshifting  | 1 2 3 |  3.1
Spellcasting   | 3 4 |  4.5
Hexes          | 1 2 |  2.8
Summonings     | 1 2 |  2.8
Necromancy     | 1 2 |  2.8
Translocations | 1 2 |  2.8
Transmutations | 1 2 |  2.8
Fire Magic     | 1 2 |  2.8
Ice Magic      | 1 2 |  2.8
Air Magic      | 1 2 |  2.8
Earth Magic    | 1 2 |  2.8
Poison Magic   | 1 2 |  2.8
Polearms       | 5 |  5.8
Throwing       | 3 4 |  4.4
Dodging        | 3 4 |  4.4
Stealth        | 3 4 |  4.2
Armour         | 7 |  7.5

Action                     |  1- 3 |  4- 6 |  7- 9 || total
---------------------------+-------+-------+-------++-------
  Melee: Spear             |   100 |   199 |   208 ||   507
         Whip              |     5 |       |       ||     5
         Bite              |     6 |    16 |    36 ||    58
         Punch             |     1 |     2 |     5 ||     8
         Short sword       |       |       |    65 ||    65
         Dagger            |       |       |    29 ||    29
         Flail             |       |       |    27 ||    27
  Throw: Dart              |       |       |     2 ||     2
   Cast: Tukima's Dance    |       |       |     6 ||     6
    Use: Scroll            |     1 |     4 |     7 ||    12
         Potion            |       |     2 |     7 ||     9
   Stab: Sleeping          |     2 |     1 |     9 ||    12
 Armour: Ring mail         |    36 |     6 |       ||    42
         Scale mail        |       |    96 |    95 ||   191
         Leather armour    |       |     1 |    77 ||    78
         Skin              |       |       |     4 ||     4
  Dodge: Dodged            |    53 |   107 |   166 ||   326

Table legend: (Time is in decaauts)
 A = Elapsed time spent in this place.
 B = Non-inter-level travel time spent in this place.
 C = Inter-level travel time spent in this place.
 D = Time resting spent in this place.
 E = Time spent auto-exploring this place.
 F = Levels seen in this place.
 G = Mean time per level.
                   A        B        C        D        E       F      G
               +--------+--------+--------+--------+--------+-----+--------+
         Total |   5089 |   4948 |    141 |    332 |   2573 |   7 |  727.0 |
       Dungeon |   4431 |   4290 |    141 |    236 |   2431 |   6 |  738.5 |
         Sewer |    658 |    658 |      0 |     96 |    142 |   1 |  658.0 |
               +--------+--------+--------+--------+--------+-----+--------+

Top non-repeatable levels by time:
     D:5: 1234 daAuts
     D:2: 953 daAuts
     D:4: 873 daAuts
     D:1: 705 daAuts
   Sewer: 658 daAuts
     D:3: 610 daAuts
     D:6: 53 daAuts
